[Event "Team 45 45 League T66"]
[Site "Internet Chess Club"]
[Date "2015.11.01"]
[Round "9"]
[White "jjimalo"]
[Black "santiagoelawad"]
[Result "0-1"]
[WhiteElo "1871"]
[BlackElo "2073"]
[Opening "Queen's bishop game"]
[ECO "D02"]
[Time "12:19:29"]
[TimeControl "2700+45"]

1. d4 d5 2. Nf3 Nf6 3. Bf4 Bf5 4. e3 e6 5. Bd3 Bg6 6. O-O Bd6 7. Ne5 O-O 8. Nxg6
hxg6 9. Bxd6 Qxd6 10. Nd2 Nbd7 11. c3 c5 12. Rc1 Rab8 13. Qe2 a6 14. Bb1 b5 15.
f4 Rfc8 16. Nf3 Rc7 17. Ne5 Rbc8 18. Qd2 Nb6 19. b3 cxd4 20. cxd4 Qa3 21. Rxc7
Rxc7 22. h3 Nc8 23. Ng4 Nd6 24. Nxf6+ gxf6 25. Bd3 f5 26. Kh2 Ne4 27. Bxe4 fxe4
28. Kg1 b4 29. Rb1 Rc3 30. Kf2 a5 31. Rb2 a4 32. bxa4 Rxe3 33. Rxb4 Rd3 34. Rb8+
Kg7 35. Qa5 Qxa2+ 36. Kg1 Rg3 {White resigns} 0-1

[Event "Team 45 45 League T66"]
[Site "Internet Chess Club"]
[Date "2015.10.31"]
[Round "9"]
[White "VictorRed"]
[Black "MikeTtheGuru"]
[Result "0-1"]
[WhiteElo "1794"]
[BlackElo "2046"]
[Opening "Queen's pawn game"]
[ECO "A46"]
[Time "11:02:33"]
[TimeControl "2700+45"]

1. d4 Nf6 2. Nf3 e6 3. g3 b6 4. Bg2 Bb7 5. O-O Be7 6. Nc3 d5 7. Re1 O-O 8. Bf4
c5 9. Bxb8 Rxb8 10. e3 a6 11. Qd2 Qc7 12. Rad1 Ne4 13. Nxe4 dxe4 14. Ne5 f6 15.
Nc4 cxd4 16. Qxd4 Rfd8 17. Qc3 Bd5 18. Nd2 Qxc3 19. bxc3 f5 20. c4 Bc6 21. Nb3
e5 22. Bh3 Bb4 23. Rf1 g6 24. Nc1 Be8 25. Ne2 Bf7 26. c3 Ba5 27. Rxd8+ Rxd8 28.
Rc1 Bxc4 29. Bf1 Rd2 30. Re1 b5 31. Nc1 Bxf1 32. Kxf1 Bxc3 33. Ne2 Ba5 34. Rc1
Rxa2 35. Rc8+ Kg7 36. Ra8 Ra1+ 37. Kg2 Be1 38. Re8 Ra2 39. Kf1 Bb4 40. Rxe5 Ba3
41. Nc3 Rc2 42. Nxb5 axb5 43. Rxb5 Bc1 44. Rb7+ Kh6 45. Rd7 Bxe3 {White resigns}
0-1

[Event "Team 45 45 League T66"]
[Site "Internet Chess Club"]
[Date "2015.11.02"]
[Round "9"]
[White "elmaestro"]
[Black "Heian"]
[Result "1/2-1/2"]
[WhiteElo "1749"]
[BlackElo "1668"]
[Opening "English opening"]
[ECO "A20"]
[Time "19:00:23"]
[TimeControl "2700+45"]

1. c4 e5 2. g3 Nf6 3. Bg2 Bc5 4. Nc3 c6 5. e3 Bb6 6. Nge2 O-O 7. O-O d5 8. cxd5
cxd5 9. d4 e4 10. Qb3 Nc6 11. Na4 Na5 12. Qc2 Bc7 13. b3 Bd6 14. Bd2 Nc6 15. Nc5
Rb8 16. h3 Nd7 17. a3 Ne7 18. Bb4 Nf6 19. Qd2 a5 20. Bc3 b6 21. Na4 Bd7 22. Nb2
Qc8 23. Kh2 h6 24. Rac1 Qe8 25. b4 a4 26. Nd1 b5 27. Bb2 g5 28. Ndc3 Ng6 29. f4
Kg7 30. fxg5 hxg5 31. Rxf6 Kxf6 32. Nxd5+ Kg7 33. Nc7 Bxc7 34. Rxc7 Rc8 35. d5+
f6 36. Rc5 Qe7 37. d6 Qe6 38. Rxg5 Kf7 39. Rxg6 Ke8 40. Nf4 {Game drawn by
mutual agreement} 1/2-1/2

[Event "Team 45 45 League T66"]
[Site "Internet Chess Club"]
[Date "2015.10.29"]
[Round "9"]
[White "FrankNautilus"]
[Black "pishd"]
[Result "0-1"]
[WhiteElo "1862"]
[BlackElo "1776"]
[Opening "QGD: exchange, positional line, 6.Qc2"]
[ECO "D36"]
[Time "07:00:11"]
[TimeControl "2700+45"]

1. d4 d5 2. c4 e6 3. Nc3 Nf6 4. cxd5 exd5 5. Bg5 c6 6. Qc2 Be7 7. e3 Nbd7 8. Bd3
O-O 9. Nge2 Re8 10. O-O Nf8 11. f3 Be6 12. Rae1 Rc8 13. Kh1 N6d7 14. Bxe7 Qxe7
15. Ng3 Nb6 16. Qf2 Rcd8 17. f4 f6 18. e4 dxe4 19. Ncxe4 Qd7 20. Nc5 Qxd4 21.
Qxd4 Rxd4 22. Bf5 Bf7 23. Rxe8 Bxe8 24. Nxb7 Bf7 25. b3 Rd2 26. Bb1 Bd5 27. Ne4
Re2 28. Nbc5 Ng6 29. Bd3 Rxa2 30. f5 Ne5 31. Bb1 Rb2 32. h3 Nbd7 33. Nxd7 Nxd7
34. Rg1 Rxb3 35. Ba2 Rd3 36. Bxd5+ Rxd5 37. Rc1 Ne5 38. g4 a5 39. Ra1 Kf8 40.
Kg2 Ke7 41. Kf2 Kd7 42. Ke3 Kc7 43. Kf4 Kb6 44. g5 fxg5+ 45. Nxg5 Nd3+ 46. Kg4
g6 47. f6 Rf5 48. Nxh7 Nf2+ 49. Kg3 Ne4+ 50. Kg4 Nxf6+ 51. Nxf6 Rxf6 52. Kg5 Rd6
53. Ra4 Kb5 54. Rf4 a4 55. h4 a3 56. Kh6 a2 {White resigns} 0-1

[Event "Team 45 45 League T66"]
[Site "Internet Chess Club"]
[Date "2015.10.31"]
[Round "9"]
[White "chessfan"]
[Black "searchforbobby1"]
[Result "1-0"]
[WhiteElo "2116"]
[BlackElo "2080"]
[Opening "French: Tarrasch, closed variation, main line"]
[ECO "C06"]
[Time "20:12:59"]
[TimeControl "2700+45"]

1. e4 e6 2. d4 d5 3. Nd2 Nf6 4. e5 Nfd7 5. Bd3 c5 6. c3 Nc6 7. Ne2 cxd4 8. cxd4
f6 9. exf6 Nxf6 10. Nf3 Bd6 11. O-O Qc7 12. Bg5 O-O 13. Rc1 Bd7 14. Re1 Nh5 15.
Nc3 Bf4 16. Ne5 Be8 17. Bxf4 Nxf4 18. Nxc6 bxc6 19. Bf1 Bh5 20. Qd2 Rf6 21. g3
Raf8 22. Re5 Qf7 23. gxf4 Rxf4 24. Bg2 Qg6 25. Qc2 Qh6 26. Rf1 Rh4 27. Qc1 Rff4
28. f3 Qg6 29. Qe3 Rf6 30. Ne2 Qf7 31. Qg5 Bxf3 32. Rxf3 Rxf3 33. Bxf3 h6 34.
Qxh4 Qxf3 35. Qg3 Qf6 36. Nf4 c5 37. Nxe6 cxd4 38. Qxg7+ Qxg7+ 39. Nxg7 {Black
resigns} 1-0

[Event "Team 45 45 League T66"]
[Site "Internet Chess Club"]
[Date "2015.11.01"]
[Round "9"]
[White "Monterrey"]
[Black "hood"]
[Result "1-0"]
[WhiteElo "1995"]
[BlackElo "2055"]
[Opening "Grünfeld: exchange variation"]
[ECO "D85"]
[Time "18:14:39"]
[TimeControl "2700+45"]

1. d4 Nf6 2. c4 g6 3. Nc3 d5 4. cxd5 Nxd5 5. e4 Nxc3 6. bxc3 Bg7 7. Qa4+ Nd7 8.
Nf3 O-O 9. Bg5 Nf6 10. Bd3 c6 11. O-O Be6 12. e5 Nd5 13. Qa3 f6 14. exf6 exf6
15. Bh4 Nf4 16. Rfe1 Re8 17. Bf1 Bf8 18. Qb2 g5 19. Bg3 Qb6 20. Qxb6 axb6 21.
Bxf4 gxf4 22. Rxe6 Rxe6 23. Bc4 Kf7 24. Re1 Re8 25. Kf1 b5 26. Bb3 Bd6 27. Nh4
Bc7 28. Nf5 Bb8 29. h4 b6 30. h5 Bc7 31. h6 f3 32. Ng7 Kg6 33. Rxe6 fxg2+ 34.
Kxg2 Rxe6 35. Nxe6 Bd6 36. Nd8 c5 37. Kf3 Be7 38. Nc6 Bd6 39. Ke4 Kxh6 40. Kd5
Bf8 41. Ke6 Kg5 42. d5 h5 43. Bc2 Kf4 44. Ne7 Bxe7 45. Kxe7 h4 46. d6 h3 47. d7
h2 48. d8=Q h1=Q 49. Qd6+ Kg4 50. Qg3+ Kh5 51. Qg6+ Kh4 52. Qh7+ {Black resigns}
1-0

[Event "Team 45 45 League T66"]
[Site "Internet Chess Club"]
[Date "2015.11.01"]
[Round "9"]
[White "joebobpop"]
[Black "chsrules88"]
[Result "1/2-1/2"]
[WhiteElo "1933"]
[BlackElo "2044"]
[Opening "Ruy Lopez: Marshall, Herman Steiner variation"]
[ECO "C89"]
[Time "21:10:14"]
[TimeControl "2700+45"]

1. e4 e5 2. Nf3 Nc6 3. Bb5 a6 4. Ba4 b5 5. Bb3 Nf6 6. O-O Be7 7. Re1 O-O 8. c3
d5 9. exd5 e4 10. Ng5 Na5 11. Nxe4 Nxe4 12. Rxe4 Bb7 13. d4 Nxb3 14. axb3 Qxd5
15. f3 Bd6 16. Bf4 f5 17. Bxd6 fxe4 18. Bxf8 Rxf8 19. Nd2 exf3 20. Nxf3 Qe6 21.
Ne5 c5 22. Qc2 cxd4 23. cxd4 Qd5 24. Rd1 Rf4 25. Nf3 Rxf3 26. gxf3 Qxf3 27. d5
Qg4+ 28. Kh1 Qf3+ 29. Kg1 Qg4+ 30. Kf1 Bxd5 31. Qe2 Qf4+ 32. Ke1 Qh4+ 33. Kf1
Qf4+ 34. Ke1 Qh4+ 35. Kd2 h6 36. Kc2 Be4+ 37. Kc3 b4+ 38. Kd2 Qf4+ 39. Ke1 a5
40. Rd4 Qc1+ 41. Rd1 Qf4 42. Rd4 Qc1+ 43. Kf2 Qf4+ 44. Ke1 {Game drawn by
repetition} 1/2-1/2

[Event "Team 45 45 League T66"]
[Site "Internet Chess Club"]
[Date "2015.11.01"]
[Round "9"]
[White "bradleyguo175"]
[Black "primerpaso"]
[Result "0-1"]
[WhiteElo "1642"]
[BlackElo "1943"]
[Opening "QGD: 4.Nf3"]
[ECO "D37"]
[Time "19:36:42"]
[TimeControl "2700+45"]

1. d4 Nf6 2. c4 e6 3. Nf3 d5 4. Nc3 Be7 5. e3 O-O 6. Bd3 b6 7. cxd5 exd5 8. O-O
Bb7 9. Bd2 Nbd7 10. Rc1 c5 11. b3 Rc8 12. Qe2 Re8 13. a4 Bd6 14. Nb5 Bb8 15. Rc2
Qe7 16. Rfc1 Ne4 17. Be1 Rc6 18. Nc3 Rec8 19. Nxd5 Qe6 20. Bc4 Qd6 21. Qd3 Re8
22. Nf4 cxd4 23. Nxd4 Ndc5 24. Qd1 Rcc8 25. Bb4 g5 26. Qg4 Kh8 27. Nf5 Qe5 28.
f3 gxf4 29. exf4 Qf6 30. fxe4 Nxe4 31. Ba3 Qg6 32. Bb2+ f6 33. Qxg6 hxg6 34. Ng3
Kg7 35. Nxe4 Rxe4 36. g3 Bd6 37. Rd2 Bc5+ 38. Kf1 Rc7 39. Bd5 Ba6+ 40. Kg2 Ree7
41. Rdc2 Rcd7 42. Bc6 Rd3 43. Kf1 Rxg3+ 44. Bb5 Rg1# {White checkmated} 0-1

[Event "Team 45 45 League T66"]
[Site "Internet Chess Club"]
[Date "2015.11.02"]
[Round "9"]
[White "QuieroAprender"]
[Black "hudson"]
[Result "1-0"]
[WhiteElo "1771"]
[BlackElo "1729"]
[Opening "French: Winawer, advance variation"]
[ECO "C16"]
[Time "22:00:41"]
[TimeControl "2700+45"]

1. e4 e6 2. d4 d5 3. Nc3 Bb4 4. e5 Ne7 5. Bb5+ Bd7 6. Bxd7+ Nxd7 7. Ne2 c5 8.
O-O Nc6 9. a3 cxd4 10. Nb5 Be7 11. Nd6+ Bxd6 12. exd6 e5 13. c3 O-O 14. cxd4 Nf6
15. dxe5 Nxe5 16. Nc3 Qxd6 17. Bf4 Rfe8 18. Re1 Re6 19. Nb5 Qe7 20. Bg5 Re8 21.
Nd4 Rb6 22. f4 Nf3+ 23. Qxf3 Qxe1+ 24. Rxe1 Rxe1+ 25. Kf2 Rc1 26. Bxf6 Rxb2+ 27.
Ne2 gxf6 28. Kg3 Rcc2 29. Nd4 Rd2 30. Qg4+ Kf8 31. Qc8+ Ke7 32. Nf5# {Black
checkmated} 1-0

[Event "Team 45 45 League T66"]
[Site "Internet Chess Club"]
[Date "2015.11.02"]
[Round "9"]
[White "idjit"]
[Black "Andressa"]
[Result "1-0"]
[WhiteElo "1609"]
[BlackElo "1409"]
[Opening "Giuoco Piano"]
[ECO "C54"]
[Time "15:10:14"]
[TimeControl "2700+45"]

1. e4 e5 2. Nf3 Nc6 3. Bc4 Bc5 4. c3 Nf6 5. d3 O-O 6. Bb3 d6 7. Bg5 h6 8. Bh4
Be6 9. Bc2 d5 10. Qe2 d4 11. c4 Be7 12. Bg3 Bd6 13. Ba4 Bg4 14. Bxc6 Bxf3 15.
Qxf3 bxc6 16. c5 Bxc5 17. Bxe5 Bb4+ 18. Ke2 Re8 19. Bxf6 Qxf6 20. Qxf6 gxf6 21.
Rc1 Re6 22. Rc4 Rb8 23. a3 Be7 24. b4 Rd8 25. Nd2 f5 26. f3 fxe4 27. fxe4 f5 28.
Nb3 fxe4 29. Rxd4 exd3+ 30. Kxd3 Rxd4+ 31. Nxd4 Rd6 32. Kc4 Bf6 33. Rd1 Kf7 34.
Rd3 Bxd4 35. Rxd4 Ke6 36. Re4+ Kf5 37. Re7 Rg6 38. g3 a6 39. Rxc7 {Black
resigns} 1-0

[Event "Team 45 45 League T66"]
[Site "Internet Chess Club"]
[Date "2015.10.31"]
[Round "9"]
[White "olivermx"]
[Black "Zugzwanged"]
[Result "0-1"]
[WhiteElo "1328"]
[BlackElo "1646"]
[Opening "French: exchange variation"]
[ECO "C01"]
[Time "13:12:58"]
[TimeControl "2700+45"]

1. e4 e6 2. d4 d5 3. exd5 exd5 4. Nf3 Nf6 5. Bd3 Bd6 6. O-O O-O 7. Re1 Bg4 8.
Be3 Nc6 9. Nbd2 Re8 10. c3 Ne4 11. Qc2 Nxd2 12. Bxd2 h6 13. Rxe8+ Qxe8 14. Re1
Qd8 15. Be2 Qf6 16. h3 Be6 17. Qb3 Rb8 18. Bb5 Ne7 19. Bd3 Bxh3 20. Be3 Bg4 21.
Be2 Bxf3 22. Bxf3 c6 23. Qd1 Nf5 24. Bg4 Re8 25. Bxf5 Qxf5 26. Bd2 Re4 27. Rxe4
Qxe4 28. Qe1 f5 29. f3 Qxe1+ 30. Bxe1 g5 31. Kh1 Kf7 32. b3 h5 33. c4 Kg6 34. c5
Bc7 35. g3 Bd8 36. Kg2 h4 37. gxh4 gxh4 38. Kh3 b6 39. Bxh4 Bxh4 40. Kxh4 bxc5
41. dxc5 Kf6 42. Kg3 Ke5 43. Kf2 Kd4 44. b4 Kc4 45. a3 a5 46. bxa5 Kxc5 47. Ke3
Kb5 48. Kd4 Kxa5 49. Ke5 Ka4 50. Kxf5 Kxa3 51. Ke5 Kb4 52. Kd4 c5+ 53. Kxd5 c4
54. f4 c3 55. f5 c2 56. f6 c1=Q 57. Ke6 Qe1+ 58. Kf7 Kc5 59. Kg7 Qg3+ 60. Kf7
Kd6 61. Kf8 Qg6 62. f7 Ke6 {White resigns} 0-1

[Event "Team 45 45 League T66"]
[Site "Internet Chess Club"]
[Date "2015.11.02"]
[Round "9"]
[White "kidviper"]
[Black "JefferyChess"]
[Result "0-1"]
[WhiteElo "1960"]
[BlackElo "1903"]
[Opening "Evans gambit: compromised defense"]
[ECO "C52"]
[Time "19:20:19"]
[TimeControl "2700+45"]

1. e4 e5 2. Nf3 Nc6 3. Bc4 Bc5 4. b4 Bxb4 5. c3 Ba5 6. d4 exd4 7. O-O dxc3 8.
Qb3 Qf6 9. e5 Qg6 10. Nxc3 Nge7 11. Ne2 Bb6 12. Nf4 Na5 13. Qd1 Qc6 14. Bd3 Ng6
15. Nh5 Rg8 16. Re1 Nc4 17. Qe2 Ba5 18. Nf6+ gxf6 19. exf6+ Qe6 20. Bxc4 d5 21.
Bxd5 Qxe2 22. Rxe2+ Be6 23. Bxe6 fxe6 24. Ng5 O-O-O 25. Be3 Bc3 26. Rc1 Bxf6 27.
Nxe6 Rd7 28. Bxa7 Be5 29. Be3 Re7 30. Ng5 Bf6 31. Rec2 Nh4 32. Nf3 Nxf3+ 33. Kf1
Nxh2+ 34. Ke2 Rxg2 35. Kd3 Ng4 36. Bb6 Be5 37. Rh1 Kb8 38. Bc5 Rf7 39. Re2 b6
40. Be3 Nxe3 41. Rxe3 Bd6 42. f3 Rg3 43. Rf1 Kb7 44. Kc4 h5 45. Rh1 Rfxf3 46.
Rxf3 Rxf3 47. Rxh5 Ra3 48. Rh7 Rxa2 49. Kb3 Rh2 50. Rf7 Ka6 51. Rf5 Rh4 52. Kc3
c5 53. Kb3 Kb5 54. Rg5 Rh3+ 55. Kc2 Be7 56. Re5 Bf6 57. Rf5 Bd4 58. Rg5 Kc4 59.
Rg2 b5 60. Kd2 b4 61. Kc2 Ra3 62. Rg4 Ra2+ 63. Kb1 b3 64. Rxd4+ cxd4 65. Kc1 d3
66. Kb1 Kc3 67. Kc1 b2+ 68. Kb1 Ra1# {White checkmated} 0-1

[Event "Team 45 45 League T66"]
[Site "Internet Chess Club"]
[Date "2015.10.28"]
[Round "9"]
[White "Constrictor"]
[Black "kidcobra"]
[Result "1-0"]
[WhiteElo "1602"]
[BlackElo "1839"]
[Opening "Réti opening"]
[ECO "A05"]
[Time "20:09:25"]
[TimeControl "2700+45"]

1. Nf3 Nf6 2. b4 d5 3. e3 c6 4. Bb2 e6 5. b5 Bd6 6. c4 Nbd7 7. Be2 O-O 8. O-O e5
9. bxc6 bxc6 10. cxd5 cxd5 11. Ba3 Nb6 12. Bxd6 Qxd6 13. Nc3 Bd7 14. Bb5 Bg4 15.
h3 Bh5 16. Be2 Rfe8 17. Rc1 a6 18. d4 e4 19. Ne5 Bxe2 20. Qxe2 Nfd7 21. Nxd7
Qxd7 22. Qh5 Re6 23. Ne2 Rh6 24. Qg5 Rg6 25. Qh4 Nc4 26. Nf4 Rf6 27. Rc2 Rc8 28.
Rfc1 h6 29. Qg4 Qxg4 30. hxg4 Rxf4 31. exf4 Rb8 32. Rc3 Kf8 33. Rb3 Rc8 34. Rb7
Ke8 35. Ra7 Rc6 36. Rb1 Nd6 37. Rb8+ Nc8 38. Rba8 Rc1+ 39. Kh2 Rc2 40. Rxa6 Kd7
41. Ra5 Ne7 42. R8a7+ Kd8 43. Ra8+ Kd7 44. R5a7+ Kd6 45. Rd8+ Ke6 46. Re8 Rxf2
47. Rexe7+ Kf6 48. Rxf7+ Kg6 49. Rxg7+ Kf6 50. Rgb7 Rxf4 51. Rb6+ Kg5 52. Rg7+
Kh4 53. g3# {Black checkmated} 1-0

[Event "Team 45 45 League T66"]
[Site "Internet Chess Club"]
[Date "2015.10.29"]
[Round "9"]
[White "KidRattler"]
[Black "elessar"]
[Result "1/2-1/2"]
[WhiteElo "1700"]
[BlackElo "1652"]
[Opening "Queen's pawn: Chigorin variation"]
[ECO "D00"]
[Time "19:00:08"]
[TimeControl "2700+45"]

1. Nc3 d5 2. d4 Nf6 3. Nf3 Bf5 4. Bf4 c6 5. e3 Ne4 6. Nxe4 Bxe4 7. Ng5 Bg6 8.
Bd3 Bxd3 9. Qxd3 h6 10. Nf3 Qa5+ 11. c3 Qa6 12. Qc2 Nd7 13. e4 e6 14. exd5 cxd5
15. Qe2 Qxe2+ 16. Kxe2 Rc8 17. Rhe1 Be7 18. Kf1 O-O 19. Ne5 Nxe5 20. Bxe5 Rc6
21. Re3 Kh7 22. g4 Bd6 23. f4 Bxe5 24. fxe5 g6 25. Kg2 Kg7 26. Kg3 Rc7 27. Rf3
Rh8 28. Raf1 h5 29. h4 hxg4 30. Kxg4 Rh5 31. Rg3 {Game drawn by mutual
agreement} 1/2-1/2

[Event "Team 45 45 League T66"]
[Site "Internet Chess Club"]
[Date "2015.11.03"]
[Round "9"]
[White "Hal2001"]
[Black "BJJ"]
[Result "1-0"]
[WhiteElo "1646"]
[BlackElo "1455"]
[Opening "Queen's Indian defense"]
[ECO "A47"]
[Time "10:26:12"]
[TimeControl "2700+45"]

1. d4 Nf6 2. Nf3 b6 3. e3 e6 4. Bd3 Bb7 5. c3 c5 6. O-O cxd4 7. cxd4 Bd6 8. Nbd2
Qc7 9. e4 Be7 10. Re1 O-O 11. e5 Nd5 12. Ne4 f5 13. exf6 Nxf6 14. Bg5 Bxe4 15.
Bxe4 Nxe4 16. Bxe7 Rf7 17. Rxe4 Rxe7 18. d5 Qd6 19. dxe6 Qxd1+ 20. Rxd1 dxe6 21.
Rd8+ Kf7 22. Rf4+ Kg6 23. Rff8 Rc7 24. h3 a5 25. Rxb8 Raa7 26. Nd4 Rc1+ 27. Kh2
Rd7 28. Nxe6 Rd6 29. Nf4+ Kg5 30. g3 Rcc6 31. Rbd8 Rxd8 32. Rxd8 Rc2 33. Rd5+
Kh6 34. Rb5 Rxf2+ 35. Kg1 Rd2 36. Rxb6+ g6 37. a3 a4 38. Rb5 Rc2 39. Rb4 Kg5 40.
Ng2 h5 41. h4+ Kf6 42. Ne3 Rd2 43. Rb6+ Kg7 44. Nc4 Rc2 45. Rb4 Kf6 46. Rxa4 g5
47. hxg5+ Kxg5 48. Rb4 Re2 49. a4 Kg4 50. Rb3 Re4 51. Nb6 Kh3 52. a5 Re2 53. Kf1
Rh2 54. a6 h4 55. gxh4+ Kxh4 56. a7 Rh1+ 57. Kg2 Rd1 58. a8=Q Rd2+ 59. Kf3 Rd4
60. Qh8+ Kg5 61. Qxd4 Kg6 62. Qd5 Kh7 63. Qd6 Kh8 64. Qd7 Kg8 65. Rc3 Kf8 66.
Rc8# {Black checkmated} 1-0

[Event "Team 45 45 League T66"]
[Site "Internet Chess Club"]
[Date "2015.10.31"]
[Round "9"]
[White "Invicta-Knight"]
[Black "kutch"]
[Result "1-0"]
[WhiteElo "1558"]
[BlackElo "1527"]
[Opening "Center game: Berger variation"]
[ECO "C22"]
[Time "13:28:43"]
[TimeControl "2700+45"]

1. e4 e5 2. d4 exd4 3. Qxd4 Nc6 4. Qe3 Nf6 5. Bd2 d6 6. Nc3 Be7 7. O-O-O O-O 8.
Be2 b6 9. Qg3 Re8 10. Bh6 Bf8 11. Bg5 Be7 12. f4 Nd7 13. h4 f6 14. Bh6 Bf8 15.
Bc4+ Kh8 16. Bd5 Bb7 17. f5 Rb8 18. Bd2 Nce5 19. Bxb7 Rxb7 20. h5 c6 21. h6 Qe7
22. hxg7+ Qxg7 23. Qxg7+ Bxg7 24. Bf4 Bf8 25. Rd2 b5 26. Nf3 b4 27. Nd1 a5 28.
Nd4 c5 29. Ne6 Rb6 30. Nc7 Rc8 31. Nd5 Ra6 32. g3 Nf3 33. Rf2 Ng5 34. Rh5 Nxe4
35. Rfh2 Ng5 36. Bxg5 fxg5 37. Rxh7+ Kg8 38. Rh8+ Kf7 39. R2h7+ Ke8 40. Re7+ Kd8
41. f6 g4 42. f7 Nf6 43. Rxf8+ Ne8 44. fxe8=Q# {Black checkmated} 1-0

[Event "Team 45 45 League T66"]
[Site "Internet Chess Club"]
[Date "2015.11.02"]
[Round "9"]
[White "PostMike"]
[Black "BrerRabbit"]
[Result "1/2-1/2"]
[WhiteElo "1562"]
[BlackElo "1458"]
[Opening "Réti: Wade defense"]
[ECO "B07"]
[Time "15:01:47"]
[TimeControl "2700+45"]

1. e4 d6 2. Nf3 Bg4 3. Be2 Nf6 4. Nc3 c5 5. d4 Nc6 6. d5 Bxf3 7. Bxf3 Nd4 8. O-O
g6 9. Be3 Nxf3+ 10. Qxf3 Bg7 11. Rad1 O-O 12. Rd3 Nd7 13. Bf4 Ne5 14. Bxe5 Bxe5
15. Qd1 a6 16. f4 Bxc3 17. Rxc3 b6 18. b3 f6 19. Rg3 Kh8 20. h4 Rg8 21. Kf2 b5
22. h5 gxh5 23. Rh3 Qe8 24. Qxh5 Qxh5 25. Rxh5 Rg7 26. g3 Rag8 27. Rh3 Rg6 28.
Kf3 R8g7 29. c4 Rg8 30. Rfh1 R6g7 31. a4 bxc4 32. bxc4 Rb8 33. f5 Rb4 34. Rc1
Rxa4 35. Rb1 Rb4 36. Ra1 Rxc4 37. Rxa6 Rb4 38. Ra8+ Rg8 39. Ra7 Rg7 40. Ra8+ Rg8
{Game drawn by mutual agreement} 1/2-1/2

[Event "Team 45 45 League T66"]
[Site "Internet Chess Club"]
[Date "2015.11.02"]
[Round "9"]
[White "bardu"]
[Black "jpokerflat"]
[Result "1-0"]
[WhiteElo "1316"]
[BlackElo "1330"]
[Opening "Ruy Lopez: closed (9...Na5)"]
[ECO "C96"]
[Time "15:15:18"]
[TimeControl "2700+45"]

1. e4 e5 2. Nf3 Nc6 3. Bb5 Be7 4. O-O a6 5. Ba4 b5 6. Bb3 Nf6 7. Re1 O-O 8. c3
d6 9. h3 Na5 10. Bc2 Nc4 11. d4 Nd7 12. a4 bxa4 13. Bxa4 Ncb6 14. Bc6 Ra7 15.
Qd3 Nb8 16. Bb5 c6 17. Ba4 Nxa4 18. Rxa4 Nd7 19. Be3 exd4 20. Nxd4 Ne5 21. Qe2
Ra8 22. f4 c5 23. fxe5 cxd4 24. Bxd4 dxe5 25. Bxe5 Qb6+ 26. Bd4 Qg6 27. Kh1 Bb7
28. Nd2 f5 29. e5 f4 30. Nf3 Bxf3 31. Qxf3 Qc2 32. Ra2 Qd2 33. Rd1 Qc2 34. e6 g6
35. Be5 a5 36. Rda1 a4 37. b4 Qf5 38. Bd4 Qxe6 39. Rxa4 Rxa4 40. Rxa4 Qe1+ 41.
Kh2 Bh4 42. Qd5+ {Black forfeits on time} 1-0

[Event "Team 45 45 League T66"]
[Site "Internet Chess Club"]
[Date "2015.10.30"]
[Round "9"]
[White "Aquaman"]
[Black "PsyMar"]
[Result "1/2-1/2"]
[WhiteElo "1312"]
[BlackElo "1404"]
[Opening "Réti: King's Indian attack"]
[ECO "A05"]
[Time "15:30:11"]
[TimeControl "2700+45"]

1. Nf3 Nf6 2. g3 g6 3. Bg2 Bg7 4. O-O O-O 5. d3 c5 6. e4 d5 7. Nbd2 Nc6 8. e5
Nd7 9. Re1 Ndxe5 10. Nxe5 Nxe5 11. Nf3 Bg4 12. Bf4 Nxf3+ 13. Bxf3 Bxf3 14. Qxf3
b6 15. Rab1 Re8 16. c3 e5 17. Bd2 d4 18. c4 Qd7 19. h4 Re6 20. Qxa8+ Bf8 21. Qg2
Qa4 22. Ra1 Qc2 23. f4 Bh6 24. Bc1 Qxd3 25. b3 Qc3 26. Bd2 Qc2 27. Red1 e4 28.
f5 gxf5 29. Bxh6 Qxg2+ 30. Kxg2 Rxh6 31. Rf1 Re6 32. Rxf5 e3 33. Re1 d3 34. Rd5
d2 35. Rd1 e2 36. R5xd2 exd1=Q 37. Rxd1 Re2+ 38. Kf3 Rxa2 39. Rd3 a5 40. Ke4 Ra3
41. g4 a4 42. bxa4 Rxa4 43. Kd5 Kg7 44. Rb3 Ra6 45. Kc6 Ra4 46. Kb5 Ra8 47. Kc6
Rc8+ 48. Kb5 Kf6 49. Rf3+ Ke6 50. Kxb6 Ke5 51. Rxf7 Kd4 52. Rf4+ Kc3 53. h5 h6
54. Re4 Kb4 55. Rf4 Rg8 56. Kc6 Rg5 57. Kd6 Kc3 58. Ke6 Kd3 59. Kf6 Ke3 60. Rf5
Rxg4 61. Rxc5 Kd4 62. Rc6 Rg5 63. Rc7 Rxh5 64. Kg6 Rh1 65. c5 h5 66. c6 h4 67.
Rh7 h3 68. c7 Rg1+ 69. Kf5 Rc1 {Game drawn by mutual agreement} 1/2-1/2